 Dungeon Crawl Stone Soup version 0.27.1 (webtiles) character file.

Game seed: 15672401068602417635

7 nightchill the Sneak (level 2, -2/16 HPs)
             Began as a Kobold Enchanter on Aug 23, 2021.
             Was a Follower of Fedhas.
             Slain by a kobold (3 damage)
             ... on level 1 of the Dungeon.
             The game lasted 00:00:49 (303 turns).

nightchill the Sneak (Kobold Enchanter)              Turns: 303, Time: 00:00:49

Health: -2/16      AC:  2    Str:  5    XL:     2   Next: 10%
Magic:  5/5        EV: 15    Int: 16    God:    Fedhas [*.....]
Gold:   0          SH:  0    Dex: 15    Spells: 4/5 levels left

rFire    . . .     SeeInvis .   a - +1 dagger
rCold    . . .     Faith    .   (shield restricted)
rNeg     . . .     Spirit   .   b - +0 robe
rPois    .         Reflect  .   (no helmet)
rElec    .         Harm     .   (no cloak)
rCorr    .         Rampage  .   (no gloves)
Will     .....                  (no boots)
Stlth    ++++......             (no amulet)
HPRegen  0.05/turn              (no ring)
MPRegen  0.09/turn              (no ring)

@: no status effects
A: small, no large weapons, nightstalker 3
a: Renounce Religion


You were on level 1 of the Dungeon.
You worshipped Fedhas.
Fedhas was aware of your devotion.
You visited 1 branch of the dungeon, and saw 1 of its levels.

Inventory:

Hand Weapons
 a - a +1 dagger (weapon)
Armour
 b - a +0 robe (worn)
Scrolls
 c - a scroll of identify {unknown}
 d - a scroll of immolation
Potions
 e - a potion of attraction {unknown}


   Skills:
 + Level 0.5 Fighting
 + Level 1.7 Short Blades
 - Level 2.4 Dodging
 + Level 4.2 Stealth
 - Level 2.1 Spellcasting
 * Level 3.2 Hexes


You had 4 spell levels left.
You knew the following spells:

 Your Spells              Type           Power      Damage    Failure   Level
a - Corona                Hex            13%        N/A       5%          1

Your spell library contained the following spells:

 Spells                   Type           Power      Damage    Failure   Level
 Ensorcelled Hibernation  Hex/Ice        12%        N/A       16%         2
 Confusing Touch          Hex            12%        N/A       16%         3
 Tukima's Dance           Hex            12%        N/A       16%         3
 Dazzling Flash           Conj/Hex       12%        N/A       32%         3


Dungeon Overview and Level Annotations

Branches:
Dungeon (1/15)

Altars:
Fedhas


Innate Abilities, Weirdness & Mutations

You are small and have problems with some larger weapons.
You are completely attuned to the shadows.


Message History

You kill the hobgoblin!
Fedhas appreciates your contribution to the ecosystem.
You have reached level 2!
You hit the kobold but do no damage. The kobold closely misses you.
You hit the kobold but do no damage. The kobold misses you.
You hit the endoplasm.
The endoplasm is lightly wounded.
The endoplasm barely misses you. The kobold hits you but does no damage.
You hit the endoplasm.
The endoplasm is severely wounded.
The endoplasm barely misses you.
The kobold hits you with a +0 short sword.
You are too injured to fight recklessly!
You are too injured to fight recklessly!
You are too injured to fight recklessly!
You are too injured to fight recklessly!
You hit the endoplasm.
You kill the endoplasm!
Fedhas accepts your kill. The kobold barely misses you.
The kobold hits you with a +0 short sword.
* * * LOW HITPOINT WARNING * * *
You hit the kobold.
The kobold is moderately wounded.
The kobold closely misses you.
You hit the kobold but do no damage.
The kobold is moderately wounded.
The kobold hits you with a +0 short sword.
* * * LOW HITPOINT WARNING * * *
You barely miss the kobold.
The kobold is moderately wounded.
The kobold completely misses you.
You hit the kobold.
The kobold is severely wounded.
The kobold misses you.
You closely miss the kobold.
The kobold is severely wounded.
The kobold hits you with a +0 short sword.
You die...
Fedhas appreciates your contribution to the ecosystem.

#.......#
##......#
#......#
#......#
#......#
#####......#
....#...####
#...K.##
#..@.....#
#....+####
#....#
#....#
#....#


You could see a kobold.

Vanquished Creatures
  2 endoplasms (D:1)
  2 hobgoblins (D:1)
  A frilled lizard (D:1)
  2 rats (D:1)
7 creatures vanquished.

Notes
Turn   | Place    | Note
-------+----------+-------------------------------------------
     0 | D:1      | nightchill the Kobold Enchanter began the quest for the
                  | Orb.
     0 | D:1      | Reached XP level 1. HP: 10/10 MP: 3/3
    30 | D:1      | Found a faded altar of an unknown god.
    35 | D:1      | Became a worshipper of Fedhas Madash
    35 | D:1      | Reached * piety under Fedhas
   293 | D:1      | Reached XP level 2. HP: 14/16 MP: 5/5
   303 | D:1      | Slain by a kobold

Illustrated notes

Levels and vault maps discovered:
D:1:      grunt_arrival_lava_bath, layout_basic,
          hellmonk_ecumenical_altar_blasted, serial_rivers,
          chequers_serial_rivers_large_b, chequers_serial_rivers_micro_d,
          chequers_serial_rivers_micro_a, chequers_serial_rivers_micro_a,
          chequers_serial_rivers_room_a, chequers_serial_rivers_room_a,
          columned_hall_lemuel, chequers_jeans

Action                   || total
-------------------------++-------
Melee: Dagger            ||    27
 Stab: Sleeping          ||     1
Armor: Robe              ||     1
Dodge: Dodged            ||    15
